AoeStats
← 784f22fd

Black Forest

514009634Analyzed
3v3 RM · 1d ago on Oct 16, 2026· 45m 21s· 6 players
Game mode
Random Map
Map size
Normal (6 player)
Population
200
Speed
Normal
Resources
Standard
Victory
Conquest
Starting age
Dark Age
Ending age
Imperial Age
RankedLock teamsTeams togetherTeam positionsShared explorationLock speedFull tech treeHidden civsTurbo modeCheats
Victory
Defeat
🇨🇳 Khmer · China
952
+15
🇩🇪 Bohemians · Germany
943
+15
🇳🇴 Mongols · Norway
923
+16
vs
🇹🇼 Khmer · Taiwan
967
-17
🇦🇺 Britons · Australia
909
-36
🇨🇳 Franks · China
897
-14
Granatenrambo
0:31 Loom
13:05 Feudal Age
20:16 Castle Age
18:59 Double-Bit Axe
18:57 Horse Collar
28:23 Wheelbarrow
32:55 Imperial Age
31:58 Chemistry
31:54 Fortified Wall
32:05 Ballistics
33:15 Hand Cart
34:00 Bow Saw
34:15 Elite Hussite Wagon
35:15 Conscription
35:01 Wagenburg Tactics
35:00 Pikeman
35:40 Squires
35:49 Heavy Plow
37:05 Caravan
37:35 Coinage
39:19 Halberdier
43:31 Scale Mail Armor
784f22fd
10:51 Loom
13:01 Feudal Age
14:42 Double-Bit Axe
14:43 Horse Collar
17:18 Castle Age
19:21 Bow Saw
19:15 Heavy Plow
26:35 Stone Mining
26:41 Gold Mining
28:14 Gold Shaft Mining
28:17 Stone Shaft Mining
32:47 Imperial Age
31:26 Wheelbarrow
34:34 Hand Cart
35:01 Conscription
34:04 Elite Ballista Elephant
35:31 Caravan
36:44 Husbandry
36:54 Bloodlines
36:06 Elite Battle Elephant
37:57 Chemistry
37:20 Ballistics
36:59 Murder Holes
37:41 Double Crossbow
39:58 Forging
39:56 Scale Barding Armor
39:39 Pikeman
41:04 Siege Engineers
41:42 Iron Casting
41:29 Chain Barding Armor
40:38 Halberdier
44:00 Masonry
44:54 Blast Furnace
44:31 Plate Barding Armor
Prebzz93
8:36 Loom
13:33 Feudal Age
17:11 Castle Age
15:06 Fishing Lines
17:03 Double-Bit Axe
18:59 Bow Saw
19:44 Gillnets
19:16 Demolition Ship
20:11 Horse Collar
23:54 Wheelbarrow
24:27 Stone Mining
25:58 Heavy Plow
26:44 Gold Mining
28:28 Gold Shaft Mining
29:32 Hand Cart
30:09 Town Watch
33:20 Imperial Age
31:06 Fletching
31:28 Nomads
31:42 Bodkin Arrow
31:59 Town Patrol
32:59 Padded Archer Armor
33:37 Elite Mangudai
34:38 Conscription
34:22 Bracer
34:38 Leather Archer Armor
35:29 Chemistry
34:57 Ballistics
34:49 Masonry
34:38 Murder Holes
34:54 Caravan
35:24 Coinage
35:44 Coinage
35:17 Capped Ram
37:52 Banking
37:36 Siege Engineers
36:54 Siege Ram
38:15 Hoardings
39:29 Drill
40:51 Stone Shaft Mining
43:20 Bloodlines
43:10 Husbandry
42:31 Light Cavalry
43:44 Parthian Tactics
43:25 Thumb Ring
43:31 Forging
43:26 Scale Barding Armor
44:47 Hussar
hejonathan111
0:27 Loom
13:17 Feudal Age
13:46 Double-Bit Axe
15:36 Fishing Lines
15:56 Town Watch
21:34 Castle Age
20:02 Horse Collar
22:35 Bow Saw
23:00 Gold Mining
27:40 Imperial Age
25:05 Stone Mining
25:36 Gillnets
26:53 Wheelbarrow
26:44 Fletching
28:26 Bloodlines
29:39 Ballistics
29:34 Caravan
29:45 Light Cavalry
31:50 Husbandry
32:06 Heavy Plow
32:28 Bodkin Arrow
34:49 Crop Rotation
34:01 Hussar
34:48 Padded Archer Armor
36:17 Hand Cart
36:03 Town Patrol
37:19 Chemistry
36:28 Scale Barding Armor
36:39 Forging
40:29 Bracer
41:39 Leather Archer Armor
42:06 Iron Casting
43:53 Ring Archer Armor
磐石
0:26 Loom
14:20 Feudal Age
21:07 Castle Age
20:18 Double-Bit Axe
26:04 Caravan
27:38 Wheelbarrow
27:19 Bow Saw
33:28 Imperial Age
32:16 Hand Cart
32:41 Pikeman
33:07 Gambesons
33:22 Squires
34:04 Forging
33:54 Scale Mail Armor
34:00 Halberdier
35:52 Chain Mail Armor
36:52 Iron Casting
36:59 Conscription
38:15 Plate Mail Armor
38:50 Blast Furnace
42:10 Scale Barding Armor
41:35 Cavalier
43:00 Paladin
44:40 Gold Mining
Tommy
12:44 Feudal Age
13:42 Double-Bit Axe
18:46 Gold Mining
19:14 Horse Collar
21:44 Wheelbarrow
28:57 Castle Age
28:14 Stone Mining
30:33 Hand Cart
31:08 Bow Saw
31:37 Gold Shaft Mining
36:42 Imperial Age
35:01 Heavy Plow
36:23 Loom
36:27 Town Watch
37:58 Husbandry
37:20 Light Cavalry
40:06 Scale Barding Armor
41:14 Chemistry
40:37 Ballistics
41:59 Cavalier
44:18 Chain Barding Armor
44:02 Padded Archer Armor
Connection lost

Rejoining the realm…

Still unreachable

The connection could not be restored.

Session expired

The server has moved on; the page needs a fresh start.